 Dungeon Crawl Stone Soup version 0.25-a0-860-gf695395b5c (webtiles) character file.

Game seed: 17069428786090637150, levelgen mode: deterministic

1 Esekla the Chiller (level 1, -5/9 HPs)
             Began as a Spriggan Ice Elementalist on Apr 27, 2020.
             Shot with an arrow by a centaur (14 damage)
             ... on level 5 of the Dungeon.
             The game lasted 00:05:26 (412 turns).

Esekla the Chiller (Spriggan Ice Elementalist)       Turns: 412, Time: 00:05:30

Health: -5/9       AC:  2    Str:  4    XL:     1   Next: 16%
Magic:  5/5        EV: 18    Int: 16    God:
Gold:   38         SH:  0    Dex: 16    Spells: 4/5 levels left

rFire    . . .     SeeInvis +   h - +0 spear
rCold    . . .     Gourm    .   (shield restricted)
rNeg     . . .     Faith    .   a - +0 robe
rPois    .         Spirit   .   (helmet restricted)
rElec    .         Reflect  .   (no cloak)
rCorr    .         Harm     .   (gloves unavailable)
MR       .....                  (boots unavailable)
Stlth    ++........             (no amulet)
HPRegen  0.03/turn              (no ring)
MPRegen  0.09/turn              (no ring)

@: very quick
A: very small, unfitting armour, see invisible, herbivore, speed 3, slow
metabolism 2
a: no special abilities


You were on level 5 of the Dungeon.
You were not hungry.

You visited 1 branch of the dungeon, and saw 6 of its levels.

You collected 38 gold pieces.

Inventory:

Hand Weapons
 h - a +0 spear (weapon)
Armour
 a - a +0 robe (worn)
Scrolls
 d - a scroll of enchant armour {unknown}
 e - 2 scrolls of identify {unknown}
 g - a scroll of remove curse {unknown}
 i - a scroll of magic mapping {unknown}
Potions
 b - a potion of invisibility {unknown}
 f - 2 potions of cancellation {unknown}
Comestibles
 c - a ration


   Skills:
 * Level 3.2 Dodging
 + Level 3.0 Stealth
 * Level 2.6 Spellcasting
 - Level 3.2 Ice Magic


You had 4 spell levels left.
You knew the following spells:

 Your Spells              Type           Power        Failure   Level  Hunger
a - Freeze                Ice            ##..         4%          1    #......

Your spell library contained the following spells:

 Spells                   Type           Power        Failure   Level  Hunger
 Frozen Ramparts          Ice            ##....       16%         3    ###....
 Ozocubu's Armour         Chrm/Ice       #.......     30%         3    ###....
 Hailstorm                Conj/Ice       #.......     69%         4    #####..
 Summon Ice Beast         Ice/Summ       #.......     69%         4    #####..


Dungeon Overview and Level Annotations

Branches:
Dungeon (6/15)
 Temple: D:4-7

Altars:

Shops:
D:4 :(

Annotations:
D:4 Natasha


Innate Abilities, Weirdness & Mutations

You are very small and have problems with some larger weapons.
You are too small for most types of armour.
You have supernaturally acute eyesight. (SInv)
You are a herbivore.
You cover ground extremely quickly.
You need to consume almost no food.


Message History

Found 29 stones.
An adder comes into view.
There is a stone staircase leading up here.
You climb upwards.
Found 26 stones.
There is a stone staircase leading down here.
Found 7 gold pieces.
You now have 38 gold pieces (gained 7).
There is a stone staircase leading down here.
You see here 26 stones.
You open the door.
There is an open door here.
Found 16 stones.
A jackal and a centaur come into view.
The jackal barks!
You hear a bark! x3
A jackal comes into view. x2
The centaur wields a +0 shortbow.
The centaur shoots an arrow.
The arrow hits you!
Ouch! That really hurt!
You die...

#....#####.###.#######
##.#.......#.........#
#.#########.#.#####.#
#.# #.#...###.# ##'##
#.........# #.(.##
#####.##### .....##
#.# ......## #.#
......># #@# .......+
h..hhc.........
.......#
##...##.#######
......## ##. #.#
.....## # #.# #...##
#.# ##+## ..# ###


You could see a centaur and 3 jackals.

Vanquished Creatures
  A bat (D:3)
1 creature vanquished.

Notes
Turn   | Place    | Note
-------+----------+-------------------------------------------
     0 | D:1      | Esekla the Spriggan Ice Elementalist began the quest for
                  | the Orb.
     0 | D:1      | Reached XP level 1. HP: 9/9 MP: 5/5
   214 | D:4      | Found Idyhod's Book Shoppe.
   219 | D:4      | Found Dyzai's Weapon Emporium.
   222 | D:4      | Noticed a sky beast
   250 | D:4      | Noticed Natasha
   253 | D:5      | Entered Level 5 of the Dungeon
   412 | D:5      | Noticed a centaur
   412 | D:5      | Shot with an arrow by a centaur

Levels and vault maps discovered:
D:1:      elethiomel_arrival_shortcut, layout_basic, minmay_statues_item
D:2:      kennysheep_the_goblin_king, layout_rooms
D:3:      kennysheep_big_flooded_room, layout_basic,
          nicolae_overflow_crystal_walls, lemuel_doored_altar
D:4:      layout_rooms, nicolae_ru_great_annihilating_truth,
          portal_sewer_entry_b, serial_shops, shop, shop, kennysheep_little_box,
          shop, uniq_natasha
D:5:      layout_loops_corners, zin_scriptorium, lemuel_round_altar,
          first_ration
D:6:      minmay_general_purpose_star, layout_cave_pools, lemuel_crystal_altar

Action                   || total
-------------------------++-------
 Cast: Freeze            ||     2
Armor: Robe              ||     2
Dodge: Dodged            ||     3

Table legend:
 A = Non-vault XP
 B = Vault XP
 C = Vault XP percentage of total XP
 D = Non-vault monster count
 E = Vault monster count
 F = Vault count percentage of total count
                 A         B        C        D         E       F
            +---------+---------+-------+---------+---------+-------
      Total |       2 |       0 |   0.0 |       1 |       0 |   0.0
            +---------+---------+-------+---------+---------+-------
        D:3 |       2 |       0 |   0.0 |       1 |       0 |   0.0
            +---------+---------+-------+---------+---------+-------
